Map: Port Aleksander LE

Players

Cham - Winner!

  • Race: Zerg Zerg
  • League: Grandmaster
  • Spawn Location: 11:00

Rex

  • Race: Zerg Zerg
  • Spawn Location: 5:00

Event: 2019 WCS Winter Americas

VOD

Have the link to the VOD?

Description

Time

  • Played on: Feb. 14, 2019, 2:06 p.m.
  • Length: 10:49

All games in this series

Show
View Real Time Build Order
Export as new Build Order

Cham Zerg - Winner!

Build Orders: Hatch First 

Get SALT Encoding   

  12  0:00  Drone  
  13  0:10  Drone  
  14  0:17  Overlord  
  14  0:36  Drone x2  
  16  0:48  Hatchery  
  15  0:53  Drone  
  16  0:58  Drone  
  16  1:00  Drone  
  16  1:03  Extractor  
  17  1:16  Spawning Pool  
  16  1:20  Drone  
  16  1:25  Drone  
  18  1:30  Drone  
  19  1:52  Overlord  
  19  2:02  Queen  
  19  2:03  Queen, Zergling x2  
  19  2:04  Zergling x2  
  19  2:07  Metabolic Boost  
  25  2:12  Drone  
  25  2:15  Drone  
  27  2:17  Drone  
  28  2:24  Drone x2  
  30  2:43  Hatchery  
  29  2:53  Drone  
  29  2:55  Drone x2, Baneling Nest  
  29  2:58  Zergling x2  
  32  3:02  Overlord  
  32  3:06  Zergling x2  
  32  3:08  Drone  
  32  3:11  Drone  
  35  3:16  Drone  
  36  3:20  Overlord  
  36  3:21  Drone  
  36  3:23  Drone  
  36  3:25  Drone  
  39  3:27  Drone  
  39  3:30  Drone  
  39  3:33  Drone  
  42  3:36  Drone  
  42  3:39  Drone  
  44  3:42  Overlord  
  44  3:49  Queen  
  44  3:53  Overlord  
  44  3:54  Drone x2  
  48  3:56  Drone  
  48  3:59  Drone x2  
  48  4:00  Drone  
  52  4:04  Drone x2  
  52  4:06  Baneling  
  52  4:07  Baneling  
  52  4:08  Overlord  
  53  4:14  Zergling x2, Drone  
  55  4:17  Drone  
  55  4:19  Drone x3  
  55  4:23  Roach Warren  
  58  4:25  Drone  
  58  4:27  Drone  
  58  4:28  Drone x2  
  62  4:32  Lair  
  62  4:33  Drone  
  62  4:35  Drone  
  62  4:37  Extractor  
  63  4:38  Evolution Chamber  
  63  4:39  Drone  
  63  4:40  Extractor  
  63  4:41  Drone  
  63  4:43  Overlord  
  63  4:48  Drone x4  
  67  4:53  Drone x2  
  67  4:54  Extractor  
  67  4:55  Drone x3  
  67  4:58  Extractor, Drone  
  67  4:59  Extractor  
  70  5:04  Overlord  
  70  5:06  Drone x2  
  70  5:07  Overlord, Drone  
  73  5:19  Hatchery, Drone x2  
  73  5:20  Drone  
  75  5:23  Roach  
  75  5:25  Roach x2  
  75  5:26  Roach  
  83  5:29  Drone  
  83  5:30  Drone  
  83  5:31  Roach  
  83  5:34  Overseer  
  86  5:38  Spire  
  86  5:39  Drone  
  86  5:40  Roach  
  86  5:42  Roach x2  
  92  5:45  Overlord  
  92  5:48  Roach  
  92  5:49  Roach  
  96  5:51  Zerg Missile Weapons Level 1  
  96  5:54  Overlord  
  96  5:55  Overlord  
  96  5:58  Overlord  
  96  6:01  Overlord  
  96  6:04  Overlord x2  
  96  6:11  Overlord  
  96  6:12  Roach x2  
  96  6:13  Roach x2  
  104  6:18  Roach  
  104  6:19  Roach x2  
  104  6:22  Overlord  
  104  6:25  Roach x2  
  114  6:26  Roach  
  114  6:29  Drone  
  114  6:30  Drone  
  118  6:33  Queen, Drone x2  
  118  6:37  Glial Reconstitution  
  121  6:40  Overlord  
  120  6:50  Mutalisk x6  
  120  6:51  Extractor  
  120  6:52  Mutalisk  
  133  6:54  Mutalisk  
  133  6:58  Mutalisk  
  133  6:59  Mutalisk  
  139  7:05  Overseer  
  139  7:07  Overlord  
  139  7:08  Mutalisk  
  139  7:10  Overlord x2  
  139  7:11  Roach  
  139  7:12  Roach  
  139  7:14  Roach  
  139  7:15  Roach  
  149  7:18  Roach x2  
  149  7:21  Roach  
  149  7:22  Roach  
  157  7:23  Roach  
  157  7:28  Roach x2  
  157  7:29  Roach  
  167  7:30  Roach  
  167  7:35  Roach x2  
  171  7:38  Roach x2  
  171  7:39  Roach  
  177  7:44  Roach x4  
  177  7:46  Roach  
  177  7:47  Roach  
  177  7:49  Roach  
  191  7:52  Roach  
  191  7:54  Roach x2  
  191  7:57  Roach  
  193  8:08  Roach x3  
  181  8:13  Roach x3  
  181  8:14  Roach x5  
  181  8:15  Roach  
  181  8:17  Roach  
  199  8:22  Roach x2  
  199  8:23  Roach  
  199  8:25  Roach x2  
  195  8:27  Roach  
  181  8:34  Roach  
  181  8:35  Roach x2  
  181  8:37  Roach x2  
  181  8:38  Roach  
  181  8:45  Roach x3  
  181  8:47  Roach  
  169  8:55  Roach x4  
  165  8:57  Roach  
  165  9:03  Roach x2  
  165  9:05  Roach  
  171  9:11  Roach x2  
  171  9:16  Roach  
  175  9:17  Roach  
  175  9:21  Roach  
  179  9:24  Roach x2  
  179  9:30  Roach x2  
  181  9:32  Roach x2  
  181  9:34  Roach x2  
  181  9:38  Roach x2  
  191  9:39  Roach  
  170  9:55  Roach x5  
  170  9:56  Roach x3  
  184  10:00  Roach  
  186  10:15  Overlord  
  186  10:18  Overlord x2  
  186  10:21  Overlord  
  186  10:23  Hatchery  
  186  10:27  Extractor  
  186  10:28  Roach x3  
Show
View Real Time Build Order
Export as new Build Order

Rex Zerg 

Build Orders: Hatch First 

Get SALT Encoding   

  12  0:00  Drone  
  13  0:13  Overlord  
  13  0:19  Drone  
  14  0:31  Drone x2  
  16  0:50  Hatchery  
  16  0:53  Drone  
  16  0:58  Drone  
  16  1:00  Drone  
  18  1:11  Extractor  
  18  1:16  Spawning Pool  
  16  1:20  Drone  
  16  1:23  Drone  
  18  1:29  Drone  
  19  1:42  Drone  
  20  1:51  Drone  
  21  2:02  Queen  
  21  2:03  Queen  
  21  2:05  Overlord, Zergling x2  
  26  2:13  Drone x2  
  28  2:16  Metabolic Boost  
  28  2:25  Drone x2  
  30  2:33  Drone  
  30  2:36  Zergling x2  
  32  2:44  Hatchery  
  32  2:51  Queen  
  33  3:01  Overlord, Baneling Nest  
  32  3:06  Zergling x2  
  33  3:20  Drone x7  
  33  3:24  Drone  
  41  3:28  Evolution Chamber  
  41  3:30  Drone  
  41  3:34  Overlord  
  41  3:38  Overlord  
  41  3:41  Zergling x4  
  43  3:49  Baneling x2  
  42  3:56  Drone x5  
  42  3:59  Zergling x6  
  50  4:09  Queen, Zerg Missile Weapons Level 1  
  49  4:12  Drone x2  
  49  4:14  Extractor  
  52  4:17  Drone  
  52  4:23  Roach Warren  
  52  4:26  Drone  
  52  4:27  Drone x3  
  52  4:28  Drone  
  58  4:31  Drone  
  58  4:34  Drone  
  58  4:36  Drone x2  
  60  4:42  Lair  
  60  4:43  Drone x2  
  62  4:47  Drone  
  62  4:49  Drone x2  
  65  4:57  Overlord x3  
  65  5:01  Extractor  
  65  5:02  Overlord  
  65  5:07  Drone x2  
  66  5:16  Drone x2  
  66  5:17  Drone  
  66  5:18  Drone x2  
  71  5:21  Overlord  
  71  5:23  Drone x8  
  71  5:25  Drone  
  71  5:26  Extractor  
  79  5:30  Extractor, Drone x2  
  81  5:35  Drone x2  
  81  5:38  Drone  
  82  5:43  Extractor  
  82  5:44  Glial Reconstitution  
  82  5:48  Evolution Chamber  
  80  5:51  Overseer  
  80  5:54  Overlord x2  
  80  5:59  Overlord x2  
  80  6:06  Zerg Missile Weapons Level 2  
  80  6:09  Roach x4  
  80  6:10  Roach x4  
  95  6:14  Drone  
  95  6:17  Zerg Ground Armor Level 1  
  94  6:18  Pneumatized Carapace  
  94  6:20  Roach x2  
  94  6:21  Roach x2  
  94  6:22  Overlord  
  101  6:27  Roach  
  101  6:28  Roach x2  
  107  6:41  Extractor  
  107  6:42  Roach x5  
  107  6:43  Roach x3  
  107  6:45  Overlord  
  122  6:50  Hatchery  
  122  6:53  Overlord  
  122  6:54  Overseer  
  122  6:56  Overlord x2  
  124  7:01  Roach x3  
  124  7:06  Overlord  
  128  7:13  Overlord  
  128  7:17  Roach x5  
  138  7:25  Hydralisk Den  
  137  7:36  Spore Crawler  
  137  7:37  Spore Crawler, Drone x3  
  131  7:38  Spore Crawler, Drone  
  131  7:39  Spore Crawler, Drone x2  
  131  7:41  Spore Crawler  
  131  7:42  Roach x3  
  140  7:47  Roach  
  140  7:48  Roach x5  
  140  7:49  Spore Crawler  
  140  7:50  Ravager x3  
  155  8:01  Roach  
  155  8:02  Roach x4  
  165  8:06  Roach Warren  
  164  8:13  Nydus Network  
  152  8:26  Hydralisk x7  
  125  8:57  Hydralisk x6  
  125  8:59  Nydus Canal  
  129  9:05  Roach Warren  
  120  9:22  Hydralisk x2  
  99  9:54  Drone x2  
  99  9:58  Drone  
  99  9:59  Drone x9  
  103  10:06  Drone  
  104  10:13  Drone  
  105  10:15  Drone  
  105  10:21  Drone x2  
  104  10:30  Drone x7  
Tags
 
Add a new tag
Caveats
  • Supply blocks, unpowered buildings, or Contaminate may cause inaccurate times.
  • Supply counts are checked every 10 seconds.